Map: Lost and Found LE

Players

LiquidTLO (TLO) - Winner!

  • Race: Zerg Zerg
  • Spawn Location: 1:00

Clem

  • Race: Terran Terran
  • Spawn Location: 7:00

Event: WCS Austin 2018

VOD

Have the link to the VOD?

Description

Time

  • Played on: June 1, 2018, 11:30 p.m.
  • Length: 11:10

All games in this series

Show
View Real Time Build Order
Export as new Build Order

LiquidTLO Zerg - Winner!

Build Orders: Hatch First, Muta Ling Bane 

Get SALT Encoding   

  12  0:00  Drone  
  13  0:08  Drone  
  14  0:17  Overlord  
  14  0:35  Drone x2  
  16  0:49  Hatchery  
  15  0:51  Drone  
  16  1:05  Spawning Pool  
  16  1:09  Drone  
  16  1:12  Drone  
  16  1:16  Extractor  
  16  1:17  Drone  
  17  1:21  Drone  
  18  1:31  Drone  
  19  1:41  Drone  
  20  1:51  Queen  
  20  1:53  Overlord  
  22  2:00  Queen  
  24  2:02  Zergling x2  
  24  2:05  Overlord  
  25  2:12  Drone  
  26  2:17  Drone  
  27  2:28  Metabolic Boost  
  27  2:29  Extractor  
  25  2:40  Drone x2  
  27  2:44  Queen  
  27  2:47  Extractor  
  27  2:49  Zergling x2  
  27  2:50  Drone  
  31  2:56  Zergling x2  
  33  2:59  Zergling x2, Extractor  
  33  3:03  Hatchery  
  33  3:04  Drone  
  34  3:06  Drone  
  35  3:15  Drone  
  35  3:18  Drone  
  35  3:19  Queen  
  37  3:20  Drone  
  40  3:30  Drone  
  40  3:33  Drone x2  
  43  3:34  Drone  
  43  3:38  Overlord  
  43  3:40  Overlord  
  44  3:47  Overlord  
  44  3:49  Overlord  
  44  3:56  Evolution Chamber  
  44  3:57  Drone  
  44  3:58  Evolution Chamber  
  44  3:59  Drone x3  
  46  4:04  Queen  
  46  4:06  Drone  
  49  4:10  Drone x2  
  49  4:12  Drone  
  49  4:16  Drone x2  
  54  4:20  Drone  
  54  4:21  Overlord  
  55  4:24  Drone  
  55  4:26  Zerg Melee Weapons Level 1  
  56  4:31  Zerg Ground Armor Level 1  
  56  4:35  Spore Crawler  
  56  4:37  Extractor  
  54  4:41  Overlord  
  54  4:44  Spore Crawler, Zergling x2  
  54  4:47  Zergling x2  
  54  4:49  Zergling x2  
  54  4:50  Zergling x8  
  60  4:58  Zergling x2  
  60  4:59  Zergling x2  
  59  5:03  Baneling Nest  
  59  5:07  Drone x2  
  59  5:08  Drone  
  59  5:09  Drone  
  59  5:13  Drone  
  63  5:16  Zergling x2  
  63  5:17  Zergling x4  
  63  5:19  Zergling x2  
  63  5:20  Zergling x2  
  68  5:21  Zergling x2  
  68  5:24  Zergling x2  
  68  5:25  Zergling x2  
  68  5:26  Zergling x2  
  72  5:30  Zergling x2  
  72  5:31  Zergling x4  
  72  5:33  Zergling x2  
  72  5:34  Zergling x2  
  76  5:36  Zergling x4  
  76  5:39  Zergling x4  
  76  5:42  Overlord  
  80  5:46  Zergling x2  
  80  5:47  Baneling x5  
  80  5:48  Baneling x2  
  80  5:49  Baneling  
  79  5:50  Baneling x2  
  79  5:52  Baneling  
  79  5:56  Baneling x2, Zergling x2  
  80  5:57  Zergling x2  
  80  5:58  Zergling x2  
  80  6:00  Zergling x4  
  80  6:03  Zergling x2  
  85  6:05  Zergling x2  
  85  6:11  Zergling x2  
  85  6:15  Zergling x2  
  85  6:16  Zergling x2  
  77  6:18  Zergling x2  
  77  6:19  Zergling x2  
  77  6:20  Zergling x2  
  77  6:22  Zergling x2  
  77  6:23  Zergling x2  
  77  6:24  Zergling x2  
  79  6:26  Zergling x4  
  79  6:27  Zergling x2  
  79  6:30  Lair  
  80  6:34  Zergling x2  
  80  6:36  Zergling x2  
  80  6:37  Zergling x2  
  78  6:41  Queen  
  78  6:43  Zergling x2  
  75  6:47  Drone  
  75  6:51  Drone  
  75  6:52  Drone  
  75  6:53  Drone  
  76  6:59  Drone  
  76  7:00  Drone  
  72  7:01  Drone  
  72  7:02  Drone  
  72  7:03  Hatchery  
  72  7:04  Drone  
  72  7:05  Drone  
  72  7:06  Drone  
  73  7:10  Drone x2  
  73  7:13  Drone  
  73  7:20  Drone  
  73  7:21  Drone x4  
  73  7:22  Drone x2, Extractor  
  79  7:27  Drone, Extractor  
  79  7:28  Drone x3, Extractor  
  79  7:29  Centrifical Hooks  
  81  7:30  Extractor  
  80  7:39  Baneling x2  
  80  7:43  Zerg Ground Armor Level 2  
  80  7:44  Overlord  
  80  7:45  Zergling x2  
  80  7:47  Overlord, Drone  
  80  7:48  Drone x3  
  85  7:52  Baneling x2  
  85  7:53  Zergling x2  
  85  7:54  Zergling x2  
  85  7:57  Zergling x2  
  85  7:58  Zergling x2  
  89  8:00  Zergling x2  
  89  8:01  Queen, Zergling x2  
  89  8:02  Zergling x2  
  94  8:08  Spire  
  94  8:09  Zergling x2  
  94  8:10  Zergling x2  
  95  8:13  Zergling x2  
  95  8:18  Zergling x16  
  102  8:22  Drone  
  102  8:25  Zergling x2  
  102  8:26  Zergling x2  
  104  8:36  Overlord  
  103  8:43  Drone x2  
  103  8:44  Zerg Melee Weapons Level 2  
  103  8:46  Overlord, Drone x5  
  110  8:53  Baneling x5  
  110  8:54  Baneling, Zergling x14  
  117  9:01  Zergling x4  
  117  9:02  Zergling x2  
  120  9:08  Zergling x2  
  120  9:09  Zergling x6  
  121  9:11  Overlord  
  121  9:13  Zergling x2  
  121  9:14  Baneling x10  
  121  9:15  Baneling  
  121  9:16  Zergling x6  
  123  9:17  Zergling x4  
  123  9:19  Zergling x2  
  123  9:21  Zergling x2  
  123  9:22  Zergling x2  
  123  9:23  Baneling x3  
  127  9:27  Zergling x2  
  127  9:30  Zergling x4  
  130  9:33  Baneling x14  
  130  9:35  Zergling x2  
  130  9:37  Baneling x2  
  130  9:39  Zergling x4  
  130  9:40  Zergling x4  
  130  9:41  Zergling x2  
  130  9:43  Zergling x2  
  129  9:46  Zergling x2  
  129  9:48  Zergling x4  
  129  9:50  Zergling x2  
  125  9:54  Mutalisk x4  
  125  9:56  Mutalisk  
Show
View Real Time Build Order
Export as new Build Order

Clem Terran 

Build Orders: Gas First Reaper Expand, Liberator Opening, Reaper Expand, MMM Bio 

Get SALT Encoding   

  12  0:00  SCV  
  13  0:12  SCV  
  14  0:16  Supply Depot  
  14  0:24  SCV  
  15  0:32  Refinery  
  15  0:38  SCV  
  16  0:44  Barracks  
  16  0:50  SCV  
  17  1:02  SCV  
  18  1:14  SCV  
  19  1:32  Orbital Command, Reaper  
  20  1:42  Command Center  
  20  1:52  Factory  
  20  1:57  SCV  
  21  2:05  Supply Depot  
  21  2:08  Barracks Reactor  
  21  2:11  SCV  
  22  2:17  Refinery  
  22  2:28  SCV  
  22  2:40  SCV  
  22  2:43  Starport  
  23  2:49  Hellion x2  
  27  2:52  SCV  
  27  2:53  Barracks Tech Lab  
  27  2:56  Orbital Command  
  28  3:04  SCV  
  33  3:12  Hellion  
  33  3:13  Hellion  
  33  3:22  SCV  
  33  3:24  SCV  
  33  3:25  Barracks Tech Lab  
  33  3:26  Medivac  
  39  3:34  Hellion  
  39  3:35  Supply Depot  
  39  3:36  SCV x2  
  39  3:39  Hellion  
  43  3:48  SCV x2  
  45  3:51  Liberator  
  45  3:52  Stimpack  
  45  3:55  Marine  
  45  4:00  Supply Depot  
  46  4:03  SCV  
  46  4:06  SCV  
  51  4:13  Marine  
  52  4:23  Command Center  
  52  4:24  SCV  
  52  4:25  Supply Depot  
  52  4:26  SCV  
  52  4:27  Factory Reactor  
  54  4:31  Marine  
  54  4:36  SCV  
  54  4:37  Barracks  
  56  4:40  Barracks  
  56  4:43  SCV  
  57  4:48  Supply Depot  
  57  4:49  Marine  
  57  4:51  SCV  
  59  4:55  SCV  
  60  5:03  SCV  
  60  5:06  Engineering Bay x2  
  61  5:07  Marine, SCV  
  61  5:08  Starport Reactor  
  61  5:11  Refinery x2  
  63  5:15  Siege Tank, SCV  
  63  5:19  SCV  
  66  5:24  Marine x2  
  66  5:26  Marine  
  66  5:27  SCV  
  70  5:31  SCV  
  69  5:36  Marine x2  
  69  5:39  Orbital Command, SCV  
  69  5:41  Terran Infantry Weapons Level 1, Marine  
  69  5:42  Marine  
  73  5:43  SCV  
  73  5:44  Terran Infantry Armor Level 1  
  73  5:46  Marine  
  75  5:51  SCV  
  75  5:54  Marine x2  
  75  5:55  SCV  
  79  5:59  Marine  
  79  6:00  Orbital Command, Marine  
  79  6:02  Medivac  
  79  6:03  Medivac, SCV  
  86  6:04  Marine  
  86  6:08  SCV  
  88  6:16  Marine x2, SCV  
  88  6:17  Marine  
  88  6:18  Marine, Siege Tank  
  78  6:20  SCV  
  78  6:22  Marine  
  71  6:28  SCV  
  63  6:33  Marine  
  63  6:34  Marine, SCV  
  63  6:35  Marine x2  
  59  6:44  Marine  
  51  6:48  SCV  
  51  6:50  Siege Tank, SCV x2  
  57  6:54  Marine x2  
  57  6:58  Orbital Command  
  57  7:00  Marine, SCV  
  61  7:03  SCV  
  60  7:12  SCV  
  60  7:15  SCV  
  60  7:17  Medivac, Marine x2  
  60  7:18  Marine x2  
  60  7:19  Marine  
  66  7:25  SCV  
  67  7:32  Supply Depot x2  
  67  7:46  Barracks  
  67  7:48  Barracks  
  67  7:53  Medivac, Marine x4, SCV x3  
  67  7:55  Supply Depot  
  67  7:57  Supply Depot  
  76  7:59  Marine  
  76  8:00  Supply Depot  
  77  8:10  SCV  
  77  8:16  Marine, SCV x2  
  77  8:17  Marine x3  
  83  8:20  Medivac  
  83  8:22  SCV  
  83  8:24  Marine  
  87  8:29  SCV x2  
  87  8:34  Medivac, Marine x2, SCV  
  91  8:37  Marine  
  91  8:41  SCV x2  
  97  8:42  Marine  
  97  8:43  Supply Depot  
  97  8:45  Supply Depot  
  99  8:50  Medivac  
  99  8:53  Supply Depot  
  99  8:54  Supply Depot  
  101  8:55  Barracks Reactor  
  101  8:56  Barracks Reactor, Marine  
  101  8:57  Supply Depot  
  101  8:58  Combat Shields  
  101  9:05  Marine, SCV  
  101  9:08  Medivac  
  105  9:10  Marine x3  
  105  9:14  Marine  
  105  9:16  Supply Depot  
  109  9:17  SCV  
  109  9:21  SCV  
  109  9:22  Armory  
  109  9:23  Marine  
  112  9:28  Marine x2  
  112  9:29  Siege Tank  
  112  9:30  Marine  
  112  9:31  SCV  
  117  9:32  Marine x2  
  117  9:34  Marine  
  117  9:37  SCV  
  114  9:40  Marine  
  114  9:43  SCV  
  96  9:51  Marine  
  75  10:01  Siege Tank  
Tags
 
Add a new tag
Caveats
  • Supply blocks, unpowered buildings, or Contaminate may cause inaccurate times.
  • Supply counts are checked every 10 seconds.